 Dungeon Crawl Stone Soup version 0.29.1-15-g9cfb28693d (webtiles) character file.

Game seed: 4457355081251428818

6 hawla the Firebug (level 2, 0/20 HPs)
             Began as a Meteoran Fire Elementalist on Mar 21, 2023.
             Slain by an orc
             ... wielding a +0 mace
              (2 damage)
             ... on level 2 of the Dungeon.
             The game lasted 00:00:30 (48 turns).

hawla the Firebug (Meteoran Fire Elementalist)        Turns: 48, Time: 00:00:31

Health: 0/20       AC:  2    Str:  9    XL:     2   Next: 11%
Magic:  1/6        EV: 12    Int: 16    God:
Gold:   0          SH:  0    Dex: 14    Spells: 5/6 levels left

rFire   . . .      SeeInvis .   (no weapon)
rCold   . . .      Faith    .   (no shield)
rNeg    . . .      Spirit   .   a - +0 robe
rPois   .          Reflect  .   (no helmet)
rElec   .          Harm     .   (no cloak)
rCorr   .          Rampage  .   (no gloves)
Will    .....                   (no boots)
Stlth   +.........              (no amulet)
HPRegen 0.06/turn               (no ring)
MPRegen 0.10/turn               (no ring)

@: glowing
A: sense surroundings 1, otherworldly, glowing, explore regen
a: no special abilities


You were on level 2 of the Dungeon.
You visited 1 branch of the dungeon, and saw 2 of its levels.

Inventory:

Armour
 a - a +0 robe (worn)
Potions
 b - a potion of magic


   Skills:
 + Level 2.5 Dodging
 - Level 1.4 Stealth
 + Level 2.8 Spellcasting
 + Level 1.2 Conjurations
 + Level 4.0 Fire Magic


You had 5 spell levels left.
You knew the following spells:

 Your Spells              Type           Power      Damage    Failure   Level
a - Foxfire               Conj/Fire      40%        2x1d6     6%          1

Your spell library contained the following spells:

 Spells                   Type           Power      Damage    Failure   Level
 Scorch                   Fire           30%        2d7       5%          2
 Conjure Flame            Conj/Fire      10%        6-21      19%         3
 Inner Flame              Hex/Fire       8%         N/A       26%         3
 Flame Wave               Conj/Fire      10%        2d6       54%         4


Dungeon Overview and Level Annotations

Branches:
Dungeon (2/15) Zot: 1152

Altars:


Innate Abilities, Weirdness & Mutations

You passively map a small area around you.
You are easily found by Zot.
You glow in the dark.
You regain HP and MP as you explore.


Message History

The goblin is heavily wounded.
The foxfire hits the goblin.
You kill the goblin!
The foxfire hits the orc.
You kill the orc!
The orc closely misses you.
Casting: Foxfire (safe; 7% risk of failure)
Confirm with . or Enter, or press ? or * to list all spells.
You conjure some foxfire!
The foxfire hits the orc but does no damage.
The orc completely misses you.
Your magical contamination has completely faded away.
You hit the orc but do no damage.
The foxfire hits the orc.
The orc is lightly wounded.
The orc hits you with a +0 mace!
Ouch! That really hurt!
Unknown command.
It was a potion of cancellation.
You feel magically purged. The orc hits you but does no damage.
The orc completely misses you.
Casting: Foxfire (safe; 7% risk of failure)
Confirm with . or Enter, or press ? or * to list all spells.
You conjure some foxfire!
The orc barely misses you. The orc hits you with a +0 mace.
* * * LOW HITPOINT WARNING * * *
You hit the orc but do no damage.
The orc is lightly wounded.
The foxfire hits the orc.
You kill the orc!
The foxfire hits the hobgoblin.
The hobgoblin is moderately wounded.
The orc closely misses you.
Your Fire Magic skill increases to level 4!
You have reached level 2!
The orc attacks as you move away! The orc closely misses you.
The hobgoblin attacks as you move away! The hobgoblin closely misses you.
The hobgoblin attacks as you move away! The hobgoblin hits you.
* * * LOW HITPOINT WARNING * * *
An adder comes into view.
The orc attacks as you move away! The orc hits you with a +0 mace.
You die...

#..# #..#, * * #..#
.#..8$* ,.., #..#
..8!(** ,.. #..#
#(..#, .# , * #..#
,#...)##,.# ,* >
#..#,** #..)##S## # *
* * #..# ,*,
#gg#..#.###
#..##########o#.......
#.............@..#,
#.####.........###
#.............## * *
######.<......# ,
#.....)..# * , ,
######..... , ,
####### * , ,


You could see an adder (wandering), an orc, a hobgoblin and a goblin.

Vanquished Creatures
  2 orcs (D:2)
  A goblin (D:2)
  A kobold (D:2)
4 creatures vanquished.

Vanquished Creatures (others)
  10 foxfires (D:2)
10 creatures vanquished.

Grand Total: 14 creatures vanquished

Notes
Turn   | Place    | Note
-------+----------+-------------------------------------------
     0 | D:1      | hawla the Meteoran Fire Elementalist began the quest for
                  | the Orb.
     0 | D:1      | Reached XP level 1. HP: 14/14 MP: 5/5
    46 | D:2      | Reached skill level 4 in Fire Magic
    46 | D:2      | Reached XP level 2. HP: 4/20 MP: 0/6
    48 | D:2      | Slain by an orc

Illustrated notes

Levels and vault maps discovered:
D:1:      amcnicky_arrival_blooded_trapdoor, layout_rooms,
          ebering_ecumenical_altar_box
D:2:      layout_rooms, guppyfry_early_orc_mine, uniq_natasha, uniq_sigmund

Skill      XL: |  1 |
---------------+----+-----
Fire Magic     | 4 |  4.0
Dodging        | |  2.5
Stealth        | |  1.4
Spellcasting   | |  2.8
Conjurations   | |  1.2

Action                   || total
-------------------------++-------
Melee: Unarmed           ||     4
 Cast: Foxfire           ||     6
  Use: Potion            ||     2
Armor: Robe              ||     2
Dodge: Dodged            ||    14
